 Dungeon Crawl Stone Soup version 0.22-a0-247-gbddf880 (webtiles) character file.

975 Amnesiac the Thaumaturge (level 7, -6/32 HPs)
             Began as a Spriggan Artificer on Feb 25, 2018.
             Was an Initiate of Gozag.
             Killed by nerve-wracking pain
             ... invoked by a shadow imp
              (11 damage)
             ... on level 5 of the Dungeon.
             The game lasted 00:16:08 (5935 turns).

Amnesiac the Thaumaturge (Spriggan Artificer)       Turns: 5935, Time: 00:16:09

Health: -6/32      AC: 11    Str: 10    XL:     7   Next: 95%
Magic:  20/20      EV: 18    Int: 13    God:    Gozag
Gold:   556        SH:  0    Dex: 16    Spells: 14/24 levels left

rFire    + . .     SeeInvis +   D - +1 flail (protect)
rCold    . . .     Gourm    .   (shield restricted)
rNeg     . . .     Faith    .   g - +2 robe {rF+}
rPois    .         Spirit   .   (helmet restricted)
rElec    .         Reflect  .   (no cloak)
rCorr    .         Harm     .   (gloves unavailable)
MR       +....                  (boots unavailable)
Stlth    ++........             (no amulet)
HPRegen  0.10/turn              (no ring)
MPRegen  0.17/turn              (no ring)

@: gold aura, protection aura, flying, very quick
A: very small, unfitting armour, see invisible, herbivore, speed 3, slow
metabolism 2
a: Potion Petition, Call Merchant, Bribe Branch, Renounce Religion


You were on level 5 of the Dungeon.
You worshipped Gozag.
Gozag was pleased with you.
You were not hungry.

You visited 2 branches of the dungeon, and saw 6 of its levels.

You collected 635 gold pieces.
You paid 79 gold pieces to Gozag.

Inventory:

Hand Weapons
 k - a +0 dagger
 m - a +2 mace of crushing
 D - a +1 flail of protection (weapon)
Missiles
 i - 42 stones (quivered)
 t - 15 poisoned needles
 w - 23 sling bullets
Armour
 g - a +2 robe of fire resistance (worn)
 o - a +0 buckler
 s - a +2 robe of positive energy
Jewellery
 u - an uncursed ring of fire
 G - a +4 ring of dexterity {unknown}
Wands
 c - a wand of flame (4)
 d - a wand of enslavement (14)
 e - a wand of random effects (1)
 y - a wand of paralysis (18)
 A - a wand of iceblast (19)
Scrolls
 a - 2 scrolls of magic mapping {!r, unknown}
 h - 9 scrolls of identify {!r, unknown}
 j - 3 scrolls of teleportation {!r, unknown}
 l - 2 scrolls of immolation {!r, unknown}
 p - 2 scrolls of remove curse {!r, unknown}
 r - 3 scrolls of enchant weapon {!r, unknown}
 v - a scroll of noise {!r, unknown}
 B - a scroll of enchant armour {!r, unknown}
 F - a scroll of blinking {!r, unknown}
Potions
 b - 2 potions of heal wounds {!q}
 n - 2 potions of agility {!q}
 q - 2 potions of degeneration {!q, unknown}
 x - a potion of haste {!q, unknown}
 z - a potion of curing {!q, unknown}
 C - a potion of ambrosia {!q, unknown}
 E - 3 potions of flight {!q}
Comestibles
 f - 4 rations


   Skills:
 - Level 0.7 Fighting
 - Level 1.1 Short Blades
 - Level 3.0 Dodging
 - Level 1.5 Stealth
 - Level 9.0 Spellcasting
 + Level 7.8 Evocations


You had 14 spell levels left.
You knew the following spells:

 Your Spells              Type           Power        Failure   Level  Hunger
a - Call Imp              Summ           #.......     19%         2    None
e - Mephitic Cloud        Conj/Pois/Air  #.......     36%         3    ##.....
s - Conjure Flame         Conj/Fire      #.......     36%         3    ##.....
v - Blink                 Tloc           N/A          19%         2    None


Dungeon Overview and Level Annotations

Branches:
Dungeon (5/15)             Temple (1/1) D:5

Altars:
Ashenzari
Cheibriados
Dithmenos
Elyvilon
Fedhas
Gozag
Hepliaklqana
Kikubaaqudgha
Makhleb
Nemelex Xobeh
Okawaru
Qazlal
Ru
Trog
Uskayaw
Vehumet
Wu Jian
Xom
Yredelemnul
Zin
The Shining One


Innate Abilities, Weirdness & Mutations

You are very small and have problems with some larger weapons.
You are too small for most types of armour.
You have supernaturally acute eyesight. (SInv)
You are a herbivore.
You cover ground extremely quickly.
You need consume almost no food.


Message History

The iguana is severely wounded.
A crimson imp comes into view. It is wielding a rapier.
The crimson imp shouts!
You hit the iguana.
The iguana is severely wounded.
You hit the iguana.
You kill the iguana!
You see here 7 gold pieces.
You now have 556 gold pieces (gained 7).
Casting: Mephitic Cloud (slightly dangerous; 36% risk of failure)
Confirm with . or Enter, or press ? or * to list all spells.
Okay, then.
Casting: Mephitic Cloud (slightly dangerous; 36% risk of failure)
Confirm with . or Enter, or press ? or * to list all spells.
A beastly little devil appears in a puff of frigid air.
The crimson imp blinks!
Your white imp gestures at the crimson imp.
The puff of frost misses the crimson imp.
You miss the crimson imp. The crimson imp hits you with a rapier!
* * * LOW HITPOINT WARNING * * *
Your white imp freezes the crimson imp.
The crimson imp is frozen!
The crimson imp is distracted by the nearby gold.
Your white imp freezes the crimson imp.
The crimson imp is frozen!
The crimson imp is no longer distracted by gold.
The crimson imp blinks!
What are your orders? t - Shout!
Orders for allies: a - Attack new target. r - Retreat! s - Stop attacking. g - Guard the area. f - Follow me.
Anything else - Cancel.
Gang up on whom?
Press: ? - help, Dir - move target cursor, f - crimson imp
Aim: a crimson imp, wielding a rapier (severely wounded) Attack!
The crimson imp blinks!
Your white imp gestures at the crimson imp.
The puff of frost hits the crimson imp.
The crimson imp is frozen!
The crimson imp hits your white imp but does no damage.
The crimson imp hits your white imp with a rapier.
You hit the crimson imp.
Your weapon exudes an aura of protection.
The crimson imp is severely wounded.
The crimson imp misses you.
Your white imp freezes the crimson imp.
The crimson imp is frozen!
The crimson imp dies!
Training target 9.0 for Spellcasting reached!
Your Spellcasting skill increases to level 9!
A shadow imp comes into view.
The shadow imp shouts, "Quit, thou ducking elf-skinned nissette!"
Your white imp gestures at the shadow imp.
The puff of frost hits the shadow imp.
The shadow imp resists.
A shadow imp comes into view.
Things that are here:
5 gold pieces; a rapier Your white imp disappears in a puff of smoke!
Really quaff
E - 4 sedimented emerald potions {!q}?
It was a potion of flight {!q}.
You feel very buoyant.
You fly up into the air.
The shadow imp gestures at you. Pain shoots through your body!
You die...
Your body crumbles into a pile of gold.

.......................##
........................#
........................#
........................#
........................#
........................##
.........................##
..........................#
..........@$...............
...........................
......$$...................
.......5..............>....
...........................
..?........................
...........................
........[..................
...........................


You could see a shadow imp.

Vanquished Creatures
  Grinder (D:4)
  An ogre (D:4)
  A black bear (D:2)
  Blork the orc (D:4)
  2 scorpions (D:4)
  2 hounds (D:4)
  Jessica (D:3)
  Ijyb (D:4)
  An iguana (D:5)
  4 worker ants
  A hound zombie (D:2)
  A worker ant zombie (D:2)
  8 adders
  An ooze (D:3)
  An adder zombie (D:2)
  An adder skeleton (D:2)
  4 worms
  3 dart slugs
  2 leopard geckos (D:3)
  An orc (D:2)
  A ball python (D:1)
  3 bat skeletons (D:2)
  A bat zombie (D:2)
  5 giant cockroaches
  7 goblins
  5 hobgoblins
  2 jackals (D:4)
  4 kobolds
  4 quokkas
  A ball python skeleton (D:4)
  6 bats
  4 frilled lizards
  2 giant cockroach zombies (D:2)
  A jackal skeleton (D:4)
  A leopard gecko zombie (D:2)
  8 rats
93 creatures vanquished.

Vanquished Creatures (collateral kills)
  A crimson imp (D:5)
  A worker ant (D:4)
2 creatures vanquished.

Grand Total: 95 creatures vanquished

Notes
Turn   | Place    | Note
-------+----------+-------------------------------------------
     0 | D:1      | Amnesiac the Spriggan Artificer began the quest for the Orb.
     0 | D:1      | Reached XP level 1. HP: 9/9 MP: 4/4
  1315 | D:3      | Noticed a worker ant
  1527 | D:2      | Reached XP level 2. HP: 13/14 MP: 6/6
  1679 | D:4      | Noticed an ogre
  1719 | D:4      | Killed an ogre
  1719 | D:4      | Reached skill level 4 in Spellcasting
  1719 | D:4      | Reached XP level 3. HP: 17/17 MP: 6/9
  1719 | D:4      | Reached XP level 4. HP: 21/21 MP: 7/11
  1723 | D:4      | Learned a level 2 spell: Blink
  1726 | D:4      | Learned a level 2 spell: Call Imp
  1730 | D:4      | Learned a level 3 spell: Mephitic Cloud
  1734 | D:4      | Learned a level 3 spell: Conjure Flame
  1779 | D:4      | Reached skill level 5 in Evocations
  1782 | D:4      | Noticed Grinder
  1840 | D:4      | Reached XP level 5. HP: 17/25 MP: 2/13
  1955 | D:4      | Noticed Blork the orc
  2012 | D:4      | Killed Blork the orc
  2012 | D:4      | Reached skill level 5 in Spellcasting
  2038 | D:4      | Killed Grinder
  2038 | D:4      | Reached skill level 6 in Spellcasting
  2038 | D:4      | Reached XP level 6. HP: 29/29 MP: 13/16
  2272 | D:4      | Noticed Ijyb
  2456 | D:3      | Noticed Jessica
  2467 | D:3      | Killed Jessica
  2495 | D:4      | Reached skill level 7 in Spellcasting
  2660 | D:4      | Reached XP level 7. HP: 32/32 MP: 13/18
  2718 | D:5      | Entered Level 5 of the Dungeon
  2998 | D:5      | Found a glowing golden altar of the Shining One.
  3090 | D:5      | Found a staircase to the Ecumenical Temple.
  3100 | Temple   | Entered the Ecumenical Temple
  3115 | Temple   | Became a worshipper of Gozag Ym Sagoz the Greedy
  3206 | D:4      | Killed Ijyb
  3457 | D:2      | Reached skill level 8 in Spellcasting
  5398 | D:3      | Found an ornate altar of the Wu Jian Council.
  5487 | D:3      | Found a blossoming altar of Fedhas.
  5487 | D:3      | Found a sparkling altar of Nemelex Xobeh.
  5488 | D:3      | Found a radiant altar of Vehumet.
  5491 | D:3      | Found a stormy altar of Qazlal.
  5492 | D:3      | Found a hazy altar of Hepliaklqana.
  5932 | D:5      | Reached skill level 9 in Spellcasting
  5935 | D:5      | Killed from afar by a shadow imp

Vault maps used:
D:1:      evilmike_arrival_fibonacci_small
D:2:      serial_undead, serial_undead_e, serial_undead_e, serial_undead_a,
          serial_undead_c, serial_undead_d, serial_undead_d, serial_undead_a
D:3:      minitemple, uniq_jessica
D:4:      uniq_ijyb, uniq_grinder, uniq_blork_the_orc
D:5:      minmay_temple_entry_trees, first_ration, tso_metal_star
Temple:   eino_temple_lava

Skill      XL: |  1  2  3  4  5  6  7 |
---------------+----------------------+-----
Spellcasting   | 4 6 7 9 |  9.0
Evocations     | 5 6 7 |  7.8
Fighting       | |  0.7
Short Blades   | |  1.1
Dodging        | |  3.0
Stealth        | |  1.5

Action                   |  1- 3 |  4- 6 |  7- 9 || total
-------------------------+-------+-------+-------++-------
Melee: Short sword       |    52 |       |       ||    52
       Mace              |       |    34 |   120 ||   154
       Flail             |       |       |   128 ||   128
 Cast: Mephitic Cloud    |       |     6 |     8 ||    14
       Call Imp          |       |       |     1 ||     1
Evoke: Wand              |     4 |    22 |       ||    26
  Use: Potion            |       |     1 |     1 ||     2
 Stab: Sleeping          |     2 |       |     9 ||    11
       Confused          |       |     3 |     3 ||     6
       Distracted        |       |       |     2 ||     2
  Eat: Ration            |       |       |     2 ||     2
Armor: Robe              |     3 |     5 |    57 ||    65
Dodge: Dodged            |    55 |    25 |   247 ||   327

Table legend:
 A = Spawn XP
 B = Non-spawn XP
 C = Spawn XP percentage of total XP
 D = Spawn monster count
 E = Non-spawn monster count
 F = Spawn count percentage of total count
 G = Total turns spent on level
                    A         B        C        D         E        F      G
               +---------+---------+-------+---------+---------+-------+---------
         Total |       0 |    1394 |   0.0 |       0 |      95 |   0.0 |  5935
               +---------+---------+-------+---------+---------+-------+---------
           D:1 |       0 |      45 |   0.0 |       0 |      22 |   0.0 |  1993
           D:2 |       0 |     252 |   0.0 |       0 |      34 |   0.0 |  1164
           D:3 |       0 |     124 |   0.0 |       0 |      13 |   0.0 |   801
           D:4 |       0 |     837 |   0.0 |       0 |      19 |   0.0 |  1243
           D:5 |       0 |     136 |   0.0 |       0 |       7 |   0.0 |   709
               +---------+---------+-------+---------+---------+-------+---------
